[Event "42nd Olympiad Baku 2016 Women"]
[Site "Baku"]
[Date "2016.09.08"]
[Round "6.30"]
[White "Zhang, Jasmine Haomo"]
[Black "Al-khulaifi, Fatima A"]
[Result "1-0"]
[ECO "D02"]
[WhiteElo "1721"]
[BlackElo "1584"]
[Annotator ""]
[PlyCount "116"]
[EventDate "2016.??.??"]
[EventType "team-tourn"]
[EventCountry "AZE"]
[SourceTitle "playchess.com"]
[Source "ChessBase"]
[WhiteTeam "New Zealand"]
[BlackTeam "Qatar"]
[WhiteTeamCountry "NZL"]
[BlackTeamCountry "QAT"]
[TimeControl "40/5400+30:1800+30"]

1. d4 {(00:00} d5 {(00:00} 2. Nf3 {(00:00} Nf6 {
(00:00} 3. Bf4 {(00:00} Bf5 {(00:28} 4. e3 {(00:
03} c5 {(01:33} 5. c3 {(00:37} Nc6 {(01:03} 6. Nbd2 {
(01:18} Qb6 {(09:17} 7. Qb3 {(03:42} c4 {(01:53]
} 8. Qxb6 {(00:12} axb6 {(00:00} 9. Be2 {(00:13} e6 {
(00:42} 10. O-O {(00:54} Be7 {(01:01} 11. h3 {(
01:05} h6 {(02:44} 12. a3 {(01:41} O-O {(02:58} 13.
Ne5 {(03:33} Rfd8 {(15:31} 14. g4 {(07:59} Bc2 {
(06:38} 15. Rac1 {(01:36} Ba4 {(00:18} 16. g5 {(
04:26} hxg5 {(09:51} 17. Bxg5 {(00:14} Kf8 {(00:39}
18. f4 {(07:03} Nh7 {(04:03} 19. Bxe7+ {(01:04} Nxe7 {
(02:36} 20. e4 {(04:36} g6 {(16:18} 21. Kh2 {(
05:00} Nf6 {(09:53} 22. exd5 {(01:57} exd5 {(00:02}
23. Ndf3 {(01:31} Ne4 {(07:33} 24. Ng5 {(00:28} Nxg5 {
(00:01} 25. fxg5 {(00:10} Nf5 {(00:55} 26. Bg4 {
(00:25} Bd7 {(00:30} 27. Nxd7+ {(00:18} Rxd7 {(
00:14} 28. Bxf5 {(00:06} gxf5 29. Rxf5 {(00:15} Kg7 {(
00:41} 30. Re1 {(00:32} Rh8 {(04:40} 31. Ree5 {(01:21}
Rh4 {(02:33} 32. Kg3 {(00:17} Re4 {(00:50} 33. Rxe4 {
(00:23} dxe4 {(00:21} 34. Re5 {(00:05} Kg6 {(00:
42} 35. h4 {(00:06} f5 {(00:13} 36. gxf6 {(00:17} Kxf6
{(00:00} 37. Rxe4 {(00:07} Rg7+ {(00:18} 38. Rg4 {
(01:08} Re7 {(00:00} 39. Rf4+ {(00:10} Kg6 {(01:
33} 40. Rf2 {(00:00} Re1 {(00:00} 41. Rh2 {(01:01} Kh5
{(03:41} 42. Rf2 {(02:03} Rg1+ {(07:04} 43. Kh2 {
(01:26} Rg4 {(02:49} 44. Rf6 {(02:21} Rxh4+ {(
15:43} 45. Kg3 {(00:11} Rg4+ {(00:29} 46. Kf3 {(00:08}
Kg5 {(01:43} 47. Rxb6 {(00:16} Rf4+ {(00:18} 48. Ke3 {
(00:10} Rf7 {(00:01} 49. Rb4 {(00:11} Re7+ {(00:
25} 50. Kd2 {(00:10} Rc7 {(00:15} 51. Rb5+ {(00:46}
Kf4 {(00:47} 52. Re5 {(01:19} Rc6 {(02:14} 53. Kc2 {
(00:16} Rc7 {(01:06} 54. Rc5 {(00:53} Rxc5 {(00:
25} 55. dxc5 {(00:04} Ke4 {(00:40} 56. b3 {(00:19} Kd5
{(00:47} 57. b4 {(00:28} Kc6 {(00:58} 58. a4 {(
00:12} b6 1-0

[Event "42nd Olympiad Baku 2016 Women"]
[Site "Baku"]
[Date "2016.09.08"]
[Round "6.6"]
[White "Zhao, Xue"]
[Black "Foisor, Cristina-Adela"]
[Result "1/2-1/2"]
[ECO "A55"]
[WhiteElo "2522"]
[BlackElo "2353"]
[Annotator ""]
[PlyCount "117"]
[EventDate "2016.??.??"]
[EventType "team-tourn"]
[EventCountry "AZE"]
[SourceTitle "playchess.com"]
[Source "ChessBase"]
[WhiteTeam "China"]
[BlackTeam "Romania"]
[WhiteTeamCountry "CHN"]
[BlackTeamCountry "ROU"]
[TimeControl "40/5400+30:1800+30"]

1. d4 {(00:00} Nf6 {(00:00} 2. c4 {(00:00} d6 {(
00:00} 3. Nc3 {(01:15} e5 {(00:05} 4. Nf3 {(00:19}
Nbd7 {(00:18} 5. e4 {(01:57} c6 {(00:42} 6. Be2 {
(00:50} Be7 {(00:16} 7. O-O {(01:15} O-O {(00:
08} 8. Qc2 {(02:54} a6 {(01:04} 9. Rd1 {(02:58} Qc7 {
(00:15} 10. Bg5 {(07:59} Re8 {(00:39} 11. Rac1 {
(02:24} b6 {(04:49} 12. d5 {(17:19} c5 {(08:03}
13. Qd2 {(06:04} Qd8 {(05:35} 14. h3 {(03:21} Nf8 {
(01:46} 15. Nxe5 {(08:20} dxe5 {(00:21} 16. d6 {
(00:06} Ne6 {(00:06} 17. dxe7 {(00:21} Qxd2 {(
00:14} 18. Bxd2 {(00:17} Nd4 {(05:07} 19. Bd3 {(05:52}
Rxe7 {(09:18} 20. Rb1 {(09:09} a5 {(02:12} 21. f4 {
(04:44} Bb7 {(02:43} 22. fxe5 {(02:08} Nd7 {(06:
53} 23. Nd5 {(01:24} Bxd5 {(00:20} 24. exd5 {(00:03}
Nxe5 {(00:24} 25. Bf1 {(00:06} Nf5 {(04:01} 26. Rbc1 {
(04:21} f6 {(05:12} 27. Bf4 {(03:28} Nd6 {(03:
00} 28. Re1 {(00:33} Rae8 {(00:39} 29. Kf2 {(04:55} g5
{(01:21} 30. Bxe5 {(04:36} Rxe5 {(03:08} 31. Rxe5 {
(00:05} Rxe5 {(00:13} 32. Bd3 {(00:08} f5 {(01:
37} 33. Rc3 {(00:52} Kf8 {(07:21} 34. a4 {(00:14} Re7
{(05:17} 35. Rb3 {(00:27} Rb7 {(00:15} 36. g3 {(
00:17} Kg7 {(00:26} 37. Be2 {(01:14} Kf6 {(00:35} 38.
Ke1 {(02:28} h6 {(03:03} 39. Rc3 {(00:38} Re7 {(
04:46} 40. Kf1 {(00:00} Ne4 {(00:00} 41. Rd3 {(00:19}
f4 {(07:47} 42. gxf4 {(00:54} gxf4 {(00:05} 43. Bg4 {
(00:45} Nd6 {(00:13} 44. b3 {(01:03} Re5 {(02:
24} 45. Kf2 {(04:09} h5 {(03:38} 46. Bd1 {(01:42} Rg5
{(05:43} 47. h4 {(02:25} Rg7 {(00:25} 48. Bxh5 {
(04:21} Rh7 {(00:26} 49. Bf3 {(00:19} Rxh4 {(00:
05} 50. Rd1 {(00:10} Rh7 {(02:42} 51. Re1 {(03:03} Re7
{(00:04} 52. Rxe7 {(04:20} Kxe7 {(00:04} 53. Bd1 {
(00:03} Kf6 {(00:12} 54. Kf3 {(00:12} Ke5 {(00:
06} 55. Bc2 {(00:04} Ne8 {(01:17} 56. Kg4 {(01:24}
Nf6+ {(00:18} 57. Kf3 {(00:36} Ne8 {(08:16} 58. Kg4 {
(00:07} Nd6 {(00:05} 59. Kf3 {(00:08} 1/2-1/2

[Event "42nd Olympiad Baku 2016 Women"]
[Site "Baku"]
[Date "2016.09.08"]
[Round "6.17"]
[White "Zhou, Qiyu"]
[Black "Baptista, Ana Filipa"]
[Result "0-1"]
[ECO "B80"]
[WhiteElo "2367"]
[BlackElo "2125"]
[Annotator ""]
[PlyCount "60"]
[EventDate "2016.??.??"]
[EventType "team-tourn"]
[EventCountry "AZE"]
[SourceTitle "playchess.com"]
[Source "ChessBase"]
[WhiteTeam "Canada"]
[BlackTeam "Portugal"]
[WhiteTeamCountry "CAN"]
[BlackTeamCountry "POR"]
[TimeControl "40/5400+30:1800+30"]

1. e4 {(00:00} c5 {(00:00} 2. Nf3 {(00:00} e6 {(
00:00} 3. d4 {(00:00} cxd4 {(00:00} 4. Nxd4 {(00:00}
Nf6 {(00:00} 5. Nc3 {(00:00} d6 {(00:05} 6. Be3 {
(00:00} a6 {(00:11} 7. Be2 {(00:20} b5 {(01:14}
8. a3 {(02:32} Bb7 {(02:56} 9. f3 {(01:02} Be7 {
(04:23} 10. Qd2 {(02:33} Qc7 {(03:16} 11. O-O-O {
(02:35} Nc6 {(01:26} 12. g4 {(01:48} Na5 {(03:
32} 13. Kb1 {(13:22} Nc4 {(04:22} 14. Bxc4 {(01:09}
Qxc4 {(01:42} 15. g5 {(07:44} Nd7 {(01:11} 16. Nb3 {
(21:58} a5 {(06:54} 17. Na2 {(15:20} Qc7 {(03:
55} 18. Nd4 {(12:17} Ba6 {(04:20} 19. h4 {(04:04} Ne5
{(03:52} 20. Qg2 {(03:28} Nc4 {(05:49} 21. Bc1 {
(00:06} b4 {(02:37} 22. a4 {(00:25} Rb8 {(22:05]
} 23. b3 {(05:27} Na3+ {(03:21} 24. Bxa3 {(00:06} bxa3
{(00:07} 25. h5 {(00:25} Qc5 {(03:40} 26. g6 {(
04:30} Bf6 {(01:05} 27. gxf7+ {(00:20} Kxf7 {(00:17}
28. Qd2 {(00:36} Rhc8 {(01:15} 29. Rh2 {(00:18} Qe5 {
(04:29} 30. Qe3 {(00:41} Qxh2 {(00:38} 0-1

[Event "42nd Olympiad Baku 2016 Women"]
[Site "Baku"]
[Date "2016.09.08"]
[Round "6.3"]
[White "Zhukova, Natalia"]
[Black "Goryachkina, Aleksandra"]
[Result "1/2-1/2"]
[ECO "D43"]
[WhiteElo "2475"]
[BlackElo "2475"]
[Annotator ""]
[PlyCount "73"]
[EventDate "2016.??.??"]
[EventType "team-tourn"]
[EventCountry "AZE"]
[SourceTitle "playchess.com"]
[Source "ChessBase"]
[WhiteTeam "Ukraine"]
[BlackTeam "Russia"]
[WhiteTeamCountry "UKR"]
[BlackTeamCountry "RUS"]
[TimeControl "40/5400+30:1800+30"]

1. Nf3 {(00:00} d5 {(00:16} 2. d4 {(00:00} Nf6 {
(00:54} 3. c4 {(00:16} c6 {(00:36} 4. Nc3 {(00:
26} e6 {(01:09} 5. Bg5 {(00:30} h6 {(03:03} 6. Bxf6 {
(00:44} Qxf6 {(00:15} 7. e3 {(00:20} Nd7 {(01:
52} 8. Be2 {(00:33} dxc4 {(06:32} 9. O-O {(00:21} g6 {
(02:21} 10. Ne4 {(05:04} Qe7 {(02:44} 11. Ne5 {(
01:14} Bg7 {(03:47} 12. f4 {(00:39} O-O {(13:45} 13.
Bxc4 {(01:01} Rd8 {(01:39} 14. Qe1 {(06:14} f5 {
(15:04} 15. Nc3 {(19:58} Kh7 {(01:36} 16. Rc1 {(
07:52} a6 {(04:16} 17. Bb3 {(03:08} c5 {(04:58} 18.
Na4 {(11:45} cxd4 {(01:44} 19. exd4 {(01:18} b5 {
(06:57} 20. Nc6 {(12:25} Qf6 {(01:06} 21. Nc3 {(
03:35} Rf8 {(05:18} 22. Qxe6 {(02:00} Qxe6 {(08:59}
23. Bxe6 {(00:03} Nb8 {(00:55} 24. Bxc8 {(01:24} Rxc8 {
(00:06} 25. Ne5 {(00:04} Nc6 {(02:37} 26. Rfd1 {
(05:27} g5 {(01:24} 27. Nd5 {(03:39} Nxd4 {(02:
57} 28. Rxc8 {(00:33} Rxc8 {(00:29} 29. Rxd4 {(05:46}
gxf4 {(00:11} 30. Nxf4 {(03:25} Bxe5 {(00:21} 31. Rd7+
{(00:03} Kg8 {(00:13} 32. Nd3 {(00:28} Bg7 {(03:
22} 33. Rd6 {(01:03} Rc2 {(00:44} 34. Rxa6 {(01:44}
Rd2 {(01:59} 35. Ra3 {(00:43} Bxb2 {(02:05} 36. Nxb2 {
(01:19} Rxb2 {(00:02} 37. Ra7 {(02:41} 1/2-1/2

[Event "42nd Olympiad Baku 2016 Women"]
[Site "Baku"]
[Date "2016.09.08"]
[Round "6.8"]
[White "Zhukovskaya, Nina"]
[Black "Vega Jimenez, Keyshla M"]
[Result "0-1"]
[ECO "A25"]
[WhiteElo "1793"]
[BlackElo "1641"]
[Annotator ""]
[PlyCount "96"]
[EventDate "2016.??.??"]
[EventType "team-tourn"]
[EventCountry "AZE"]
[SourceTitle "playchess.com"]
[Source "ChessBase"]
[WhiteTeam "ICCD"]
[BlackTeam "Puerto Rico"]
[WhiteTeamCountry "KAZ"]
[BlackTeamCountry "PUR"]
[TimeControl "40/5400+30:1800+30"]

1. c4 {(00:00} e5 {(00:00} 2. Nc3 {(00:00} Nc6 {
(00:00} 3. g3 {(00:00} f5 {(00:10} 4. d3 {(00:
17} Nf6 {(00:09} 5. Bg2 {(02:05} Bb4 {(00:54} 6. Bd2 {
(02:34} O-O {(00:19} 7. Nf3 {(01:49} d6 {(00:43]
} 8. O-O {(00:16} Qe8 {(00:52} 9. a3 {(00:39} Bxc3 {
(00:48} 10. Bxc3 {(00:20} Qh5 {(00:30} 11. Qc2 {
(19:39} f4 {(13:32} 12. b4 {(09:01} fxg3 {(10:
42} 13. fxg3 {(22:31} Ng4 {(06:41} 14. Nh4 {(03:30}
Rxf1+ {(06:53} 15. Bxf1 {(02:09} Nd4 {(15:38} 16. Bxd4
{(08:10} exd4 {(00:05} 17. Qd2 {(06:19} Ne3 {(
05:04} 18. Bg2 {(03:20} g5 {(00:59} 19. Bf3 {(07:42}
Bg4 {(06:28} 20. Ng2 {(05:09} Bxf3 {(11:50} 21. Nxe3 {
(01:10} dxe3 {(00:21} 22. Qxe3 {(00:21} Bg4 {(
00:23} 23. Qe4 {(01:30} c6 {(01:16} 24. Re1 {(00:55}
Bh3 {(01:53} 25. Qf3 {(00:44} Qxf3 {(00:37} 26. exf3 {
(00:05} Kf7 {(00:21} 27. g4 {(00:41} Re8 {(00:
27} 28. Re4 {(01:32} Rxe4 {(03:13} 29. dxe4 {(00:03}
Kg6 {(00:36} 30. Kf2 {(00:18} h5 {(00:25} 31. gxh5+ {
(01:12} Kxh5 {(00:07} 32. Kg3 {(00:24} Be6 {(00:
28} 33. c5 {(00:23} dxc5 {(00:25} 34. bxc5 {(00:14} b5
{(06:39} 35. f4 {(00:41} gxf4+ {(01:14} 36. Kxf4 {
(00:06} a5 {(00:14} 37. Ke3 {(01:35} Kg5 {(00:
57} 38. Kd3 {(00:45} Kf4 {(01:01} 39. h4 {(00:20} Bc4+
{(01:18} 40. Kd4 {(00:00} Bf7 {(00:00} 41. Kd3 {
(01:35} Ke5 {(04:11} 42. Ke3 {(01:37} Bg6 {(00:
29} 43. Kd3 {(10:53} Bxe4+ {(00:17} 44. Kc3 {(01:13}
Kd5 {(00:15} 45. h5 {(00:01} Kxc5 {(00:15} 46. h6 {
(00:58} b4+ {(01:10} 47. Kb3 {(01:11} a4+ {(01:
14} 48. Kb2 {(05:23} bxa3+ {(05:07} 0-1

[Event "42nd Olympiad Baku 2016 Women"]
[Site "Baku"]
[Date "2016.09.08"]
[Round "6.11"]
[White "Zhylkaidarova, Sholpan"]
[Black "Papp, Petra"]
[Result "1/2-1/2"]
[ECO "D85"]
[WhiteElo "2162"]
[BlackElo "2336"]
[Annotator ""]
[PlyCount "114"]
[EventDate "2016.??.??"]
[EventType "team-tourn"]
[EventCountry "AZE"]
[SourceTitle "playchess.com"]
[Source "ChessBase"]
[WhiteTeam "Kazakhstan"]
[BlackTeam "Hungary"]
[WhiteTeamCountry "KAZ"]
[BlackTeamCountry "HUN"]
[TimeControl "40/5400+30:1800+30"]

1. d4 {(00:00} Nf6 {(00:00} 2. c4 {(00:00} g6 {(
00:00} 3. Nc3 {(00:16} d5 {(00:01} 4. cxd5 {(01:09}
Nxd5 {(00:12} 5. e4 {(00:32} Nxc3 {(00:09} 6. bxc3 {
(00:15} Bg7 {(00:09} 7. Be3 {(01:20} c5 {(00:26]
} 8. Qd2 {(00:57} Qa5 {(00:31} 9. Rc1 {(01:20} O-O {
(00:33} 10. Nf3 {(01:09} Rd8 {(00:49} 11. d5 {(
01:12} e6 {(01:04} 12. Bg5 {(01:49} f6 {(00:22} 13.
Bf4 {(01:10} Qa4 {(02:10} 14. Qc2 {(02:49} Qxc2 {
(00:40} 15. Rxc2 {(00:07} exd5 {(00:28} 16. exd5 {
(00:33} Bf5 {(01:01} 17. Rb2 {(01:36} Be4 {(01:
18} 18. Bc4 {(02:10} Nd7 {(08:59} 19. Bc7 {(05:23} Nb6
{(13:57} 20. Bb5 {(27:50} Rdc8 {(12:12} 21. d6 {
(01:25} f5 {(02:11} 22. O-O {(02:52} Bxc3 {(11:
44} 23. Rb3 {(01:07} Bf6 {(01:29} 24. Nd2 {(06:16} Bd5
{(09:31} 25. Rd3 {(07:07} Bxa2 {(02:35} 26. Rc1 {
(00:36} a6 {(09:50} 27. Bxb6 {(02:39} axb5 {(00:
10} 28. d7 {(00:13} Rcb8 {(02:51} 29. Bxc5 {(03:49}
Bc4 {(01:17} 30. Nxc4 {(10:09} bxc4 {(00:05} 31. Rd6 {
(05:36} Be7 {(01:28} 32. Rd5 {(00:03} Bxc5 {(02:
58} 33. Rxc5 {(00:06} Rd8 {(01:00} 34. R5xc4 {(02:59}
Rxd7 {(00:07} 35. h4 {(03:12} Kf7 {(01:34} 36. Rb4 {
(00:46} Rad8 {(01:47} 37. Kh2 {(00:35} Re8 {(04:
12} 38. Rcb1 {(01:12} Ree7 {(01:24} 39. R1b2 {(00:31}
Ke8 {(01:58} 40. Rb5 {(00:00} Kd8 {(00:00} 41. h5 {
(03:37} Kc8 {(02:10} 42. hxg6 {(00:58} hxg6 {(
00:06} 43. Rb6 {(00:11} g5 {(05:55} 44. Kg3 {(04:46}
Rc7 {(03:03} 45. Rf6 {(03:23} Rf7 {(01:34} 46. Rxf7 {
(04:46} Rxf7 {(00:08} 47. f4 {(04:20} g4 {(03:
10} 48. Kh4 {(00:04} Kc7 {(00:42} 49. Kg5 {(00:34} Kc6
{(00:19} 50. Rc2+ {(00:16} Kd5 {(01:59} 51. Rc8 {
(05:24} Ke6 {(09:44} 52. Re8+ {(00:33} Re7 {(03:
07} 53. Rb8 {(04:36} Rg7+ {(03:40} 54. Kh6 {(00:11}
Kf6 {(00:54} 55. g3 {(03:16} Rc7 {(01:23} 56. Rf8+ {
(00:18} Ke6 {(00:35} 57. Kg6 {(00:53} Rc3 1/2-1/2

[Event "42nd Olympiad Baku 2016 Women"]
[Site "Baku"]
[Date "2016.09.08"]
[Round "6.5"]
[White "Ziaziulkina, Nastassia"]
[Black "Shvayger, Yuliya"]
[Result "1/2-1/2"]
[ECO "C18"]
[WhiteElo "2382"]
[BlackElo "2408"]
[Annotator ""]
[PlyCount "49"]
[EventDate "2016.??.??"]
[EventType "team-tourn"]
[EventCountry "AZE"]
[SourceTitle "playchess.com"]
[Source "ChessBase"]
[WhiteTeam "Belarus"]
[BlackTeam "Israel"]
[WhiteTeamCountry "BLR"]
[BlackTeamCountry "ISR"]
[TimeControl "40/5400+30:1800+30"]

1. e4 {(00:00} e6 {(00:00} 2. d4 {(00:22} d5 {(
00:00} 3. Nc3 {(00:14} Bb4 {(00:13} 4. e5 {(01:10} c5
{(00:38} 5. a3 {(00:29} Bxc3+ {(00:11} 6. bxc3 {
(00:05} Ne7 {(00:26} 7. Qg4 {(00:58} O-O {(00:
29} 8. Nf3 {(16:54} Qa5 {(30:16} 9. Bd2 {(01:48} f5 {
(00:52} 10. Qg3 {(16:06} Qa4 {(12:35} 11. Bd3 {(
07:17} c4 {(04:23} 12. Be2 {(00:14} Qxc2 {(04:49} 13.
Rc1 {(00:18} Qb2 {(00:48} 14. Bd1 {(14:06} Nbc6 {
(01:20} 15. Bc2 {(03:01} Bd7 {(01:14} 16. h4 {(
03:46} Kh8 {(14:25} 17. h5 {(02:13} h6 {(02:24} 18.
Nh4 {(01:18} Kh7 {(01:27} 19. Ng6 {(06:58} Rf7 {
(00:02} 20. Qf4 {(06:39} Kg8 {(07:16} 21. Qg3 {(
03:09} Kh7 {(01:41} 22. Qf4 {(06:57} Kg8 {(00:10} 23.
Qg3 {(01:35} Kh7 {(00:52} 24. Qf4 {(00:09} Kg8 {
(00:08} 25. Qg3 {(00:05} 1/2-1/2

[Event "42nd Olympiad Baku 2016 Women"]
[Site "Baku"]
[Date "2016.09.08"]
[Round "6.6"]
[White "Zuriel, Marisa"]
[Black "Gjergji, Rozana"]
[Result "1/2-1/2"]
[ECO "B01"]
[WhiteElo "2272"]
[BlackElo "1947"]
[Annotator ""]
[PlyCount "106"]
[EventDate "2016.??.??"]
[EventType "team-tourn"]
[EventCountry "AZE"]
[SourceTitle "playchess.com"]
[Source "ChessBase"]
[WhiteTeam "Argentina"]
[BlackTeam "Albania"]
[WhiteTeamCountry "ARG"]
[BlackTeamCountry "ALB"]
[TimeControl "40/5400+30:1800+30"]

1. e4 {(00:00} d5 {(00:00} 2. exd5 {(00:00} Qxd5 {
(00:00} 3. Nc3 {(00:00} Qa5 {(00:00} 4. d4 {(00:
21} c6 {(00:11} 5. Bc4 {(01:27} Nf6 {(00:27} 6. Nf3 {
(11:47} Bf5 {(00:36} 7. Bd2 {(01:12} e6 {(00:27]
} 8. Ne4 {(10:58} Qd8 {(02:50} 9. Ng3 {(00:08} Bg6 {
(00:47} 10. Bb3 {(02:52} Bd6 {(06:08} 11. Qe2 {(
00:43} Nbd7 {(01:59} 12. Ne5 {(04:21} Nd5 {(21:02} 13.
h4 {(09:22} Bxe5 {(06:21} 14. dxe5 {(00:13} h6 {
(00:58} 15. h5 {(07:31} Bh7 {(01:22} 16. c4 {(
10:56} Ne7 {(03:11} 17. Bb4 {(03:08} Qb6 {(06:47} 18.
Bc3 {(07:04} Nc5 {(02:54} 19. Bc2 {(00:15} Bxc2 {
(00:57} 20. Qxc2 {(00:04} O-O-O {(01:21} 21. O-O {
(01:06} g6 {(05:48} 22. Rad1 {(02:28} Nf5 {(05:
51} 23. Nxf5 {(11:22} gxf5 {(00:10} 24. Bd4 {(00:34}
Qa5 {(00:34} 25. a3 {(06:01} Ne4 {(00:10} 26. Rd3 {
(01:35} Qc7 {(03:52} 27. Rfd1 {(02:09} c5 {(00:
57} 28. Bc3 {(01:14} Rxd3 {(07:49} 29. Qxd3 {(00:14}
Nxc3 {(01:05} 30. Qxc3 {(00:06} Rd8 {(00:12} 31. Rd6 {
(04:22} Rxd6 {(04:17} 32. exd6 {(00:04} Qxd6 {(
00:04} 33. Qh8+ {(00:04} Kd7 {(00:11} 34. Qxh6 {(00:05]
} Qd1+ {(00:01} 35. Kh2 {(00:05} Qe2 {(00:10} 36. Qh7 {
(03:24} Ke7 {(01:22} 37. Qh6 {(00:12} Qxb2 {(01:
45} 38. Qf4 {(00:38} Qd4 {(00:24} 39. Qg5+ {(00:42}
Qf6 {(00:12} 40. Qf4 {(00:00} e5 {(00:00} 41. Qe3 {
(00:55} b6 {(09:14} 42. Kg1 {(06:45} f4 {(03:58]
} 43. Qe4 {(02:39} Qg5 {(07:09} 44. h6 {(04:28} Qxh6 {
(09:29} 45. Qxe5+ {(00:08} Kf8 {(01:50} 46. a4 {
(06:28} a5 {(01:35} 47. f3 {(00:38} Qc6 {(03:36]
} 48. Qh8+ {(03:32} Ke7 {(00:10} 49. Qe5+ {(00:05} Kf8
{(01:22} 50. Qh8+ {(01:25} Ke7 {(00:06} 51. Qe5+ {
(00:07} Kf8 {(00:22} 52. Qh8+ {(02:29} Ke7 {(00:
06} 53. Qe5+ {(00:13} Kf8 {(00:02} 1/2-1/2

[Event "42nd Olympiad Baku 2016 Open"]
[Site "Baku"]
[Date "2016.09.08"]
[Round "6.9"]
[White "Wojtaszek, Radoslaw"]
[Black "Delgado Ramirez, Neuris"]
[Result "1/2-1/2"]
[ECO "A50"]
[WhiteElo "2736"]
[BlackElo "2618"]
[Annotator ""]
[PlyCount "97"]
[EventDate "2016.??.??"]
[EventCountry "AZE"]
[SourceTitle "playchess.com"]
[Source "ChessBase"]
[WhiteTeam "Poland"]
[BlackTeam "Paraguay"]
[WhiteTeamCountry "POL"]
[BlackTeamCountry "PAR"]
[TimeControl "40/5400+30:1800+30"]

1. d4 {(00:00} Nf6 {(00:00} 2. c4 {(00:00} b6 {(
00:00} 3. f3 {(00:00} e6 {(00:29} 4. e4 {(01:44} Bb7 {
(03:20} 5. Nc3 {(02:01} d5 {(00:34} 6. cxd5 {(
02:05} exd5 {(00:06} 7. e5 {(00:06} Nfd7 {(00:05} 8.
f4 {(00:45} c5 {(05:45} 9. Nf3 {(00:50} Be7 {(
00:58} 10. Be3 {(03:44} O-O {(02:28} 11. Be2 {(02:30}
Nc6 {(03:52} 12. Nxd5 {(17:55} cxd4 {(08:19} 13. Bxd4 {
(06:00} Nxd4 {(14:00} 14. Nxe7+ {(00:08} Qxe7 {(
00:02} 15. Qxd4 {(00:07} Rfd8 {(00:21} 16. O-O {(14:13]
} Nf6 {(01:14} 17. exf6 {(16:42} Qxe2 {(00:04} 18. Qe5
{(00:57} Qxe5 {(03:53} 19. fxe5 {(00:37} Rac8 {(
01:45} 20. Rae1 {(06:47} gxf6 {(02:57} 21. exf6 {(00:
47} Rc2 {(00:05} 22. Rf2 {(04:18} Rxf2 {(00:37} 23.
Kxf2 {(00:03} Bxf3 {(00:13} 24. Kxf3 {(00:10} h6 {
(00:05} 25. b4 {(03:12} Rd6 {(02:54} 26. Re7 {(
01:05} a5 {(02:28} 27. bxa5 {(02:00} bxa5 {(00:08} 28.
Re5 {(00:39} Rxf6+ {(03:21} 29. Kg3 {(01:34} Rg6+ {
(00:55} 30. Kh3 {(00:06} Ra6 {(00:04} 31. a4 {(
00:12} Kg7 {(00:02} 32. Rb5 {(00:37} Kg6 {(01:20} 33.
g4 {(02:45} f6 {(01:47} 34. Kg3 {(00:07} Rc6 {(
00:12} 35. Rxa5 {(01:56} Rc3+ {(00:11} 36. Kf4 {(00:06]
} Rc4+ {(01:05} 37. Kf3 {(00:06} Rc3+ {(00:05} 38. Kf4
{(00:40} Rc4+ {(00:05} 39. Kf3 {(00:03} Rc3+ {(
00:05} 40. Ke4 {(00:00} Rc4+ {(00:00} 41. Kd5 {(02:19}
Rxg4 {(00:12} 42. Ra8 {(00:05} Rh4 {(00:18} 43. a5 {
(02:23} Rxh2 {(00:13} 44. a6 {(00:13} Ra2 {(00:
52} 45. Kc6 {(00:39} h5 {(00:41} 46. Kb7 {(01:07} Rb2+
{(01:11} 47. Kc6 {(00:15} Ra2 {(00:06} 48. Kb7 {
(00:04} Rb2+ {(00:05} 49. Kc6 {(00:04} 1/2-1/2

[Event "42nd Olympiad Baku 2016 Open"]
[Site "Baku"]
[Date "2016.09.08"]
[Round "6.10"]
[White "Bachmann, Axel"]
[Black "Duda, Jan-Krzysztof"]
[Result "1/2-1/2"]
[ECO "A33"]
[WhiteElo "2641"]
[BlackElo "2675"]
[Annotator ""]
[PlyCount "96"]
[EventDate "2016.??.??"]
[EventCountry "AZE"]
[SourceTitle "playchess.com"]
[Source "ChessBase"]
[WhiteTeam "Paraguay"]
[BlackTeam "Poland"]
[WhiteTeamCountry "PAR"]
[BlackTeamCountry "POL"]
[TimeControl "40/5400+30:1800+30"]

1. c4 {(00:00} Nf6 {(00:29} 2. Nf3 {(00:59} c5 {
(01:59} 3. Nc3 {(00:55} Nc6 {(00:10} 4. d4 {(00:
44} cxd4 {(00:11} 5. Nxd4 {(00:05} e6 {(01:08} 6. g3 {
(00:35} Qb6 {(06:52} 7. Ndb5 {(00:24} Ne5 {(08:
54} 8. Bg2 {(00:13} a6 {(06:28} 9. Na3 {(01:07} Be7 {
(05:15} 10. O-O {(02:18} d6 {(01:01} 11. Na4 {(
19:18} Qc7 {(01:03} 12. Be3 {(02:18} Nfd7 {(01:48} 13.
b4 {(11:53} Rb8 {(12:34} 14. Ba7 {(01:50} Ra8 {(
04:02} 15. Be3 {(00:35} Rb8 {(01:10} 16. Ba7 {(02:17}
Ra8 {(00:06} 17. Bd4 {(00:11} O-O {(00:31} 18. Rc1 {
(00:03} Rb8 {(01:05} 19. Ba7 {(23:30} Ra8 {(02:
51} 20. Bd4 {(00:05} Rb8 {(00:07} 21. c5 {(06:13} d5 {
(10:33} 22. e4 {(00:13} dxe4 {(00:27} 23. Bxe4 {
(00:18} Nf6 {(00:10} 24. Bg2 {(00:24} Nc6 {(01:
41} 25. Bc3 {(04:40} Nd5 {(00:14} 26. Nc2 {(09:15} Rd8
{(01:37} 27. Qe2 {(02:15} Nxc3 {(12:28} 28. Nxc3 {
(00:05} b6 {(00:41} 29. b5 {(02:12} Na7 {(01:31]
} 30. c6 {(01:38} Nxb5 {(01:30} 31. Nxb5 {(00:06} axb5
{(00:08} 32. Rfd1 {(00:40} Ra8 {(07:24} 33. Rxd8+ {
(00:48} Bxd8 {(00:05} 34. Nd4 {(00:09} Ba6 {(01:
07} 35. Rd1 {(05:35} Bf6 {(00:45} 36. Nc2 {(02:50} b4
{(04:54} 37. Qg4 {(00:17} Rd8 {(00:34} 38. Nxb4 {
(00:05} Rxd1+ {(00:25} 39. Qxd1 {(00:03} Bc8 {(
00:11} 40. Bf1 {(00:00} Be7 {(00:00} 41. a3 {(02:00}
g6 {(03:02} 42. Qa4 {(02:12} Kg7 {(06:23} 43. Qc2 {
(06:13} Qe5 {(02:13} 44. Qa4 {(04:10} Qa5 {(02:
15} 45. Qb3 {(00:13} Qc5 {(01:34} 46. Qa4 {(01:35} Qa5
{(01:17} 47. Qb3 {(00:22} Qc5 {(00:14} 48. Qa4 {
(00:05} Qa5 1/2-1/2